 Dungeon Crawl Stone Soup version 0.22-a0-322-g60b3cfd (webtiles) character file.

35 galech the Thaumaturge (level 3, -3/31 HPs)
             Began as a Gnoll Wanderer on Apr 5, 2018.
             Slain by Sigmund
             ... wielding a +0 scythe
              (4 damage)
             ... on level 2 of the Dungeon.
             The game lasted 00:05:20 (1262 turns).

galech the Thaumaturge (Gnoll Wanderer)             Turns: 1262, Time: 00:05:20

Health: -3/31      AC:  4    Str: 15    XL:     3   Next: 35%
Magic:  3/13       EV: 11    Int: 14    God:
Gold:   31         SH:  0    Dex: 14    Spells: 19/20 levels left

rFire    . . .     SeeInvis .   i - +1 dagger
rCold    . . .     Gourm    .   (no shield)
rNeg     . . .     Faith    .   q - +2 robe {MR+}
rPois    .         Spirit   .   (no helmet)
rElec    .         Reflect  .   (no cloak)
rCorr    .         Harm     .   (no gloves)
MR       +....                  (no boots)
Stlth    ++........             (no amulet)
HPRegen  0.10/turn              (no ring)
MPRegen  0.13/turn              (no ring)

@: very slightly contaminated
A: distributed training, fangs 1, strong nose
a: no special abilities


You were on level 2 of the Dungeon.
You were not hungry.

You visited 1 branch of the dungeon, and saw 2 of its levels.

You collected 31 gold pieces.

Inventory:

Hand Weapons
 b - a +2 blowgun
 i - a +1 dagger (weapon)
Missiles
 c - a curare-tipped needle
 o - 16 stones (quivered)
Armour
 g - a +0 ring mail
 q - a +2 robe of magic resistance (worn)
Wands
 d - a wand of random effects (15)
Scrolls
 e - a scroll of remove curse
 n - a scroll of amnesia {unknown}
Potions
 a - a potion of heal wounds {unknown}
 j - a potion of magic {unknown}
 k - a potion of might {unknown}
 m - a potion of haste {unknown}
Comestibles
 f - 5 rations
 h - 3 chunks of flesh


   Skills:
 + Level 4.5 Fighting
 + Level 0.7 Short Blades
 + Level 0.7 Long Blades
 + Level 0.7 Axes
 + Level 0.7 Maces & Flails
 + Level 0.7 Polearms
 + Level 0.7 Staves
 + Level 0.7 Slings
 + Level 0.7 Bows
 + Level 0.7 Crossbows
 + Level 2.6 Throwing
 + Level 2.6 Armour
 + Level 0.7 Dodging
 + Level 0.7 Stealth
 + Level 0.7 Shields
 + Level 0.7 Unarmed Combat
 + Level 9.3 Spellcasting
 + Level 0.5 Conjurations
 + Level 0.5 Hexes
 + Level 0.5 Charms
 + Level 0.5 Summonings
 + Level 0.5 Necromancy
 + Level 0.5 Translocations
 + Level 2.1 Transmutations
 + Level 0.5 Fire Magic
 + Level 0.5 Ice Magic
 + Level 0.5 Air Magic
 + Level 0.5 Earth Magic
 + Level 0.5 Poison Magic
 + Level 0.9 Invocations
 + Level 2.6 Evocations


You had 19 spell levels left.
You knew the following spells:

 Your Spells              Type           Power        Failure   Level  Hunger
a - Sandblast             Erth           #.....       9%          1    None


Dungeon Overview and Level Annotations

Branches:
Dungeon (2/15)

Altars:
The Shining One

Annotations:
D:2 Sigmund


Innate Abilities, Weirdness & Mutations

Your experience applies equally to all skills.
You have very sharp teeth.
Your uncanny sense of smell can sniff out nearby items.


Message History

The blast of sand hits something.
o - 16 stones Something hits you.
* * * LOW HITPOINT WARNING * * *
Casting: Sandblast (safe; 9% risk of failure)
Confirm with . or Enter, or press ? or * to list all spells.
You can't see any susceptible monsters within range! (Use Z to cast anyway.)
Something hits you but does no damage.
Casting: Sandblast (safe; 9% risk of failure)
Confirm with . or Enter, or press ? or * to list all spells.
You can't see any susceptible monsters within range! (Use Z to cast anyway.)
Casting: Sandblast (safe; 9% risk of failure)
Confirm with . or Enter, or press ? or * to list all spells.
You don't know that spell.
Casting: Sandblast (safe; 9% risk of failure)
Confirm with . or Enter, or press ? or * to list all spells.
You can't see any susceptible monsters within range! (Use Z to cast anyway.)
You see here a short sword.
You miss something. Your bite misses something. Something hits you.
You die...

#........# #........#
+........# ##........##
#..........# ##########
#..........###........#
#....#####..##........#
#....# ##.##........#
#....# #.@{........#
#....# ##..........#
#....# #..........#
#....#######..........#
#..........#..........#
###..........#...########
..................>#
###..........#.#....#
#..........#)##.#.#


There were no monsters in sight!

Vanquished Creatures
  An adder (D:2)
  4 bats
  2 giant cockroaches (D:1)
  4 goblins
  4 hobgoblins (D:1)
  5 kobolds
  A frilled lizard (D:1)
  3 rats
24 creatures vanquished.

Notes
Turn   | Place    | Note
-------+----------+-------------------------------------------
     0 | D:1      | Reached skill level 9 in Spellcasting
     0 | D:1      | galech the Gnoll Wanderer began the quest for the Orb.
     0 | D:1      | galech set off with: 2 curare-tipped needles, a +2 blowgun, a wand of random effects (15), a +0 robe, a ration
     0 | D:1      | Reached XP level 1. HP: 20/20 MP: 10/10
     2 | D:1      | Learned a level 1 spell: Sandblast
   177 | D:1      | Reached XP level 2. HP: 20/26 MP: 12/12
  1015 | D:2      | Found a glowing golden altar of the Shining One.
  1043 | D:2      | Reached XP level 3. HP: 27/31 MP: 13/13
  1240 | D:2      | Noticed Sigmund
  1259 | D:2      | HP: 1/31 [something (3)]
  1262 | D:2      | Slain by Sigmund

Vault maps used:
D:1:      co_arrival_square_in_a_square_in_a_square, minmay_octomino_j4
D:2:      old_standard_altar, uniq_sigmund

Skill      XL: |  1 |
---------------+----+-----
Spellcasting   | |  9.3
Transmutations | 2 |  2.1
Fighting       | |  4.5
Short Blades   | |  0.7
Long Blades    | |  0.7
Axes           | |  0.7
Maces & Flails | |  0.7
Polearms       | |  0.7
Staves         | |  0.7
Slings         | |  0.7
Bows           | |  0.7
Crossbows      | |  0.7
Throwing       | |  2.6
Armour         | |  2.6
Dodging        | |  0.7
Stealth        | |  0.7
Shields        | |  0.7
Unarmed Combat | |  0.7
Conjurations   | |  0.5
Hexes          | |  0.5
Charms         | |  0.5
Summonings     | |  0.5
Necromancy     | |  0.5
Translocations | |  0.5
Fire Magic     | |  0.5
Ice Magic      | |  0.5
Air Magic      | |  0.5
Earth Magic    | |  0.5
Poison Magic   | |  0.5
Invocations    | |  0.9
Evocations     | |  2.6

Action                   || total
-------------------------++-------
Melee: Dagger            ||    97
       Unarmed           ||     4
       Bite              ||     7
       Blowgun           ||     1
 Fire: Blowgun           ||     2
 Cast: Sandblast         ||    20
  Use: Scroll            ||     4
 Stab: Sleeping          ||     2
  Eat: Chunk             ||     1
Armor: Ring mail         ||    25
       Robe              ||    32
Dodge: Dodged            ||    76

Table legend:
 A = Spawn XP
 B = Non-spawn XP
 C = Spawn XP percentage of total XP
 D = Spawn monster count
 E = Non-spawn monster count
 F = Spawn count percentage of total count
 G = Total turns spent on level
                    A         B        C        D         E        F      G
               +---------+---------+-------+---------+---------+-------+---------
         Total |       0 |      51 |   0.0 |       0 |      24 |   0.0 |  1262
               +---------+---------+-------+---------+---------+-------+---------
           D:1 |       0 |      27 |   0.0 |       0 |      15 |   0.0 |   991
           D:2 |       0 |      24 |   0.0 |       0 |       9 |   0.0 |   271
               +---------+---------+-------+---------+---------+-------+---------
